cohdb
Replays
Latest Replays
All Replays
Popular Replays
Top Player Replays
Match Explorer
How It Works
Community
CoH3 Stats
Reddit
Sign in to upload your games and track your stats! →
Sign in with Steam
Match 46914804
Unlisted
Match 46914804
Overview
Messages
Build Orders
End
Construct Infanterie Kompanie
Selects Mechanized Battlegroup
MG 42 Machine Gun Team
Grenadier Squad
GrW 34 Mortar Team
Pioneer Squad
Construct Panzergrenadier Kompanie
251 Medium Carrier
Medical Bunker
Panzergrenadier Squad
Support Elements
Selects Mobile Repair Stations
StuG III G Assault Gun
MG 42 Bunker
Selects Wespe Self-propelled Artillery
Wespe Self-propelled Artillery
Wespe Self-propelled Artillery
Panzergrenadier Officer Quarters
Selects Mechanized Assault
StuG III G Assault Gun
Selects Raid Package
Selects StuG Assault Group
StuG III G Assault Gun
Panzergrenadier Squad
Medical Station
Panzergrenadier Squad
Kettenkrad Recon Vehicle
Selects Panther Heavy Tank
Panther Heavy Tank
Panther Heavy Tank
Zds□■
RangerVI
姬延龙
kty04_6
Che Guevara
^.^
Kazven
Drink||Belzebuth
0
0
Comments
sign in to comment!
No comments posted yet!